 Dungeon Crawl Stone Soup version 0.16.1-30-g34a7ffa (webtiles) character file.

127 ulk the Sneak (level 4, 0/33 HPs)
             Began as a Vampire Assassin on June 18, 2015.
             Slain by Duvessa
             ... wielding a +0 short sword
              (2 damage)
             ... on level 4 of the Dungeon.
             The game lasted 00:16:06 (3377 turns).

ulk the Sneak (Vampire Assassin)                    Turns: 3377, Time: 00:16:07

Health: 0/33       AC:  7    Str:  9 (10) XL:     4   Next: 85%
Magic:  4/4        EV: 11    Int: 13      God:
Gold:   179        SH:  0    Dex: 16      Spells: 0 memorised, 3 levels left

rFire  . . .     SeeInvis +     l - +1 short sword (freeze)
rCold  + . .     Clarity  .     v - +0 ring mail
rNeg   + + .     SustAb   .     (no shield)
rPois  +         Gourm    .     (no helmet)
rElec  .         Spirit   .     d - +0 cloak
rCorr  .         Warding  .     (no gloves)
rMut   .         Stasis   .     o - +0 pair of boots
MR     .....                    s - amulet of faith
Stlth  ++++......               (no ring)
                                (no ring)

@: about to teleport, regenerating slowly, not resistant to hostile
enchantments, stealthy
A: bottle blood, fangs 3, see invisible, unbreathing
a: Bat Form


You were on level 4 of the Dungeon.
You were thirsty.

You visited 1 branch of the dungeon, and saw 4 of its levels.

You collected 179 gold pieces.

Inventory:

Hand weapons
 a - a +2 dagger
 b - a +0 blowgun
 i - a +0 hunting sling
 l - a +1 short sword of freezing (weapon)
Missiles
 e - 38 poisoned needles
 f - 2 curare-tipped needles
 h - 15 sling bullets of flame
 k - 16 sling bullets
 y - 6 tomahawks (quivered)
Armour
 c - a +0 robe
 d - a +0 cloak (worn)
 o - a +0 pair of boots (worn)
 v - a +0 ring mail (worn)
Jewellery
 s - an amulet of faith (around neck)
Scrolls
 j - 2 scrolls of noise
 m - a scroll of remove curse
 p - a scroll of magic mapping {unknown}
 u - a scroll of fog
 w - a scroll of identify
 z - a scroll of fear {unknown}
Potions
 g - 21 potions of blood
 n - a potion of invisibility {unknown}
 q - a potion of restore abilities
 r - a potion of brilliance {unknown}
 x - a potion of ambrosia {unknown}


   Skills:
 + Level 2.1 Fighting
 + Level 2.9 Short Blades
 + Level 1.7 Throwing
 + Level 2.6 Dodging
 + Level 7.8 Stealth


You had 3 spell levels left.
You didn't know any spells.

Dungeon Overview and Level Annotations

Branches:
Dungeon (4/15)
 Temple: D:4-7

Altars:
Zin

Annotations:
D:4 Dowan, Duvessa, Pikel


Innate Abilities, Weirdness & Mutations

You heal slowly.
You can bottle blood from corpses.
You have razor-sharp teeth.
You have supernaturally acute eyesight.
You can survive without breathing.


Message History

Duvessa barely misses you. The goblin hits you but does no damage.
You hit the goblin. You freeze the goblin.
You kill the goblin!
The hound closely misses you. Duvessa hits you with a short sword.
* * * LOW HITPOINT WARNING * * *
The hound bites you but does no damage.
As you read the scroll labeled GUNGEOSOSA, it crumbles to dust.
You feel strangely unstable.
It was a scroll of teleportation.
The goblin hits you but does no damage. The hound bites you but does no damage.
Duvessa hits you with a short sword.
* * * LOW HITPOINT WARNING * * *
You completely miss the goblin. The hound closely misses you.
The goblin hits you with a dagger.
* * * LOW HITPOINT WARNING * * *
Dowan casts a spell.
Dowan blinks!
The hound bites you.
* * * LOW HITPOINT WARNING * * *
You closely miss the goblin. Your bite misses the goblin.
Duvessa hits you with a short sword.
You die...

#...# #....).....
+#...+ #..........
.....# +......#+##
.....# #......+..#
.....# #......#..#
+#...+ +......#..#
+###+ +...#
#......§s§#.......
#...#+
#......#gh§.^.....
##+##.
+......#@##.......
#..#......#e§# ..##'
#..#......#.§#...#..
+..'......#..'e..'..
#......'..#...#..
#......##.#...#
#....### .# ..#
##+#....#..'.' ..#
#.......'.# e#.


You could see Duvessa, Dowan, a hound, a giant cockroach and a goblin.

Vanquished Creatures
  A centaur zombie (D:3)
  3 adders
  A worm (D:3)
  2 giant geckos (D:2)
  4 orcs (D:3)
  2 ball pythons
  9 bats
  2 giant cockroaches
  2 hobgoblins
  3 giant newts
  5 goblins
  2 jackals (D:2)
  2 kobolds
  A quokka (D:2)
  27 rats
66 creatures vanquished.

Notes
Turn   | Place    | Note
--------------------------------------------------------------
     0 | D:1      | ulk, the Vampire Assassin, began the quest for the Orb.
     0 | D:1      | Reached XP level 1. HP: 16/16 MP: 1/1
    91 | D:1      | Reached skill level 6 in Stealth
   208 | D:1      | Reached XP level 2. HP: 22/22 MP: 2/2
  1409 | D:2      | Reached XP level 3. HP: 27/27 MP: 3/3
  1506 | D:2      | Reached skill level 7 in Stealth
  2487 | D:3      | Reached XP level 4. HP: 33/33 MP: 4/4
  2652 | D:3      | Found a glowing silver altar of Zin.
  3074 | D:4      | Noticed Duvessa
  3074 | D:4      | Noticed Dowan
  3120 | D:4      | Noticed a slave
  3121 | D:4      | Noticed a slave
  3122 | D:4      | Noticed a slave
  3124 | D:4      | Noticed Pikel
  3124 | D:4      | Noticed a slave
  3377 | D:4      | Slain by Duvessa

Action                   |  1- 3 |  4- 6 || total
-------------------------+-------+-------++-------
Melee: Short sword       |   103 |    53 ||   156
       Dagger            |     3 |       ||     3
 Abil: End Transformatio |       |     1 ||     1
       Bat Form          |       |     1 ||     1
  Use: Potion            |     5 |     1 ||     6
       Scroll            |     3 |     5 ||     8
 Stab: Sleeping          |    13 |     3 ||    16
